[Event "Team 45 45 League T53"]
[Site "Internet Chess Club"]
[Date "2012.06.11"]
[Round "4"]
[White "Ptzz"]
[Black "ben622"]
[Result "1-0"]
[WhiteElo "2064"]
[BlackElo "1953"]
[Opening "Grünfeld: modern exchange variation"]
[ECO "D85"]
[Time "12:00:26"]
[TimeControl "2700+45"]

1. d4 Nf6 2. c4 g6 3. Nc3 d5 4. cxd5 Nxd5 5. e4 Nxc3 6. bxc3 Bg7 7. Nf3 c5 8.
Rb1 O-O 9. Be2 Nc6 10. d5 Ne5 11. Nxe5 Bxe5 12. Qd2 e6 13. f4 Bg7 14. c4 exd5
15. cxd5 b6 16. O-O Bd4+ 17. Kh1 f5 18. e5 Bb7 19. d6 Qd7 20. Bb2 Bxb2 21. Bc4+
Kh8 22. Qxb2 Qg7 23. e6 Be4 24. e7 Rfb8 25. Qxg7+ Kxg7 26. Rbd1 Kf6 27. Rfe1 a6
28. Bd5 Bxd5 29. Rxd5 Re8 30. Kg1 Ra7 31. d7 {Black resigns} 1-0

[Event "Team 45 45 League T53"]
[Site "Internet Chess Club"]
[Date "2012.06.11"]
[Round "4"]
[White "Campagnolo"]
[Black "Jack-ONeill"]
[Result "1/2-1/2"]
[WhiteElo "2072"]
[BlackElo "2105"]
[Opening "Queen's pawn game, Darooha variation "]
[ECO "D02"]
[Time "14:02:00"]
[TimeControl "2700+45"]

1. Nf3 d5 2. d4 Nf6 3. c4 e6 4. cxd5 exd5 5. Nc3 c6 6. Bf4 Bd6 7. Bxd6 Qxd6 8.
e3 Bf5 9. Bd3 Bxd3 10. Qxd3 Nbd7 11. O-O O-O 12. Rfc1 Rfe8 {Game drawn by mutual
agreement} 1/2-1/2

[Event "Team 45 45 League T53"]
[Site "Internet Chess Club"]
[Date "2012.06.07"]
[Round "4"]
[White "Chatica"]
[Black "gareth"]
[Result "1/2-1/2"]
[WhiteElo "2217"]
[BlackElo "2167"]
[Opening "French: Albin-Alekhine-Châtard attack"]
[ECO "C13"]
[Time "22:16:20"]
[TimeControl "2700+45"]

1. e4 e6 2. d4 d5 3. Nc3 Nf6 4. Bg5 Be7 5. e5 Nfd7 6. h4 h6 7. Bxe7 Qxe7 8. f4
O-O 9. Nf3 a6 10. g4 c5 11. g5 h5 12. dxc5 Nxc5 13. Nd4 g6 14. Qd2 Nc6 15. O-O-O
Bd7 16. Bg2 Nxd4 17. Qxd4 Rac8 18. Kb1 Bc6 19. Bf3 b5 20. Qe3 b4 21. Ne2 a5 22.
Nd4 Qb7 23. f5 exf5 24. Nxc6 Qxc6 25. Bxd5 Qc7 26. c3 Ne6 27. c4 Kg7 28. Rhe1
Rfd8 29. Re2 a4 30. Red2 Re8 31. Re2 {Game drawn by mutual agreement} 1/2-1/2

[Event "Team 45 45 League T53"]
[Site "Internet Chess Club"]
[Date "2012.06.09"]
[Round "4"]
[White "Pomberito"]
[Black "eurander"]
[Result "1/2-1/2"]
[WhiteElo "2092"]
[BlackElo "2101"]
[Opening "QGD semi-Slav"]
[ECO "D43"]
[Time "13:34:39"]
[TimeControl "2700+45"]

1. d4 d5 2. c4 c6 3. Nf3 Nf6 4. Nc3 e6 5. Bg5 h6 6. Bxf6 Qxf6 7. Qc2 dxc4 8. e3
b5 9. a4 Bb7 10. axb5 cxb5 11. Nxb5 Bb4+ 12. Nc3 O-O 13. Ne5 Rc8 14. Nxc4 Nd7
15. Na5 Bd5 16. Ba6 Qh4 17. O-O Bxg2 18. Kxg2 Qg4+ {Game drawn by mutual
agreement} 1/2-1/2

[Event "Team 45 45 League T53"]
[Site "Internet Chess Club"]
[Date "2012.06.09"]
[Round "4"]
[White "SlimeDog2"]
[Black "MarioFrank"]
[Result "1-0"]
[WhiteElo "2164"]
[BlackElo "1925"]
[Opening "Dutch defense"]
[ECO "A40"]
[Time "17:07:19"]
[TimeControl "2700+45"]

1. d4 e6 2. c4 f5 3. Nf3 Nf6 4. Nc3 Bb4 5. Qb3 Qe7 6. a3 Bxc3+ 7. Qxc3 d6 8. g3
O-O 9. Bg2 Ne4 10. Qc2 e5 11. O-O Nc6 12. dxe5 dxe5 13. b4 Nd8 14. Bb2 Nf7 15.
Nh4 Nfg5 16. Rad1 b6 17. Rd5 Nf7 18. Nxf5 Bxf5 19. Bxe4 Bxe4 20. Qxe4 c6 21. Rd2
Qg5 22. Rfd1 Qh6 23. h4 Rae8 24. Rd7 Qe6 25. Rxa7 Nd6 26. Qxc6 Qf5 27. Rf1 Ne4
28. Qb7 Qg4 29. Qd5+ Kh8 30. Bxe5 Nf6 31. Bxf6 Rxf6 32. Re7 Ref8 33. Qg5 {Black
resigns} 1-0

[Event "Team 45 45 League T53"]
[Site "Internet Chess Club"]
[Date "2012.06.09"]
[Round "4"]
[White "robertoalvarez"]
[Black "vnchess"]
[Result "1-0"]
[WhiteElo "2186"]
[BlackElo "2046"]
[Opening "Bird's opening"]
[ECO "A02"]
[Time "13:01:33"]
[TimeControl "2700+45"]

1. f4 d6 2. Nf3 Nf6 3. e3 g6 4. Be2 Bg7 5. O-O O-O 6. d3 c5 7. e4 Nc6 8. c3 b5
9. Qe1 b4 10. Qh4 c4 11. Kh1 Ba6 12. d4 Nxe4 13. d5 bxc3 14. Nxc3 Nxc3 15. bxc3
Nb8 16. f5 Nd7 17. Ng5 h6 18. fxg6 fxg6 19. Ne6 Rxf1+ 20. Bxf1 Qe8 21. Nxg7 Qf7
22. Bxh6 Rf8 23. h3 Qf6 24. Qxf6 Rxf6 25. Ne6 Rf2 26. Be3 Rc2 27. Bxa7 Rxc3 28.
a4 Rc2 29. Nc7 Bc8 30. a5 Nf6 31. a6 c3 32. Bd4 Ne4 33. a7 Bb7 {Black resigns}
1-0

[Event "Team 45 45 League T53"]
[Site "Internet Chess Club"]
[Date "2012.06.09"]
[Round "4"]
[White "chiiwen"]
[Black "Uwak"]
[Result "0-1"]
[WhiteElo "2178"]
[BlackElo "2480"]
[Opening "Sicilian: dragon, Yugoslav attack, Rauser variation"]
[ECO "B76"]
[Time "12:07:26"]
[TimeControl "2700+45"]

1. e4 c5 2. Nf3 d6 3. d4 cxd4 4. Nxd4 Nf6 5. Nc3 g6 6. Be3 Bg7 7. f3 Nc6 8. Qd2
O-O 9. O-O-O d5 10. Kb1 Nxd4 11. e5 Nf5 12. exf6 exf6 13. Bc5 d4 14. Bxf8 Qxf8
15. Nb5 Ne3 16. Re1 f5 17. Nxd4 f4 18. c3 Qd6 19. Rxe3 fxe3 20. Qxe3 Bd7 21. Bc4
Re8 22. Qf2 a5 23. g3 Qc5 24. Bd3 b5 25. Re1 Rd8 26. Qe2 b4 27. Nb3 Qb6 28. cxb4
Qxb4 29. Qe7 Qb8 30. Re2 a4 31. Nc5 Bh3 32. Rc2 Re8 33. Qb7 Re1+ 34. Rc1 Rxc1+
35. Kxc1 Qd6 36. Qb5 Qd4 37. Ne4 Be6 38. Bc2 Qe3+ 39. Nd2 Qg1+ 40. Bd1 h5 41.
Qxa4 Qxh2 42. Qf4 Kh7 43. a4 Bh6 44. Qd4 Qxg3 45. Kb1 Bxd2 46. Qxd2 h4 47. a5 h3
48. a6 Qg1 49. a7 Qxa7 50. Qe1 Bf5+ 51. Bc2 Bxc2+ 52. Kxc2 Qc5+ {White resigns}
0-1

[Event "Team 45 45 League T53"]
[Site "Internet Chess Club"]
[Date "2012.06.07"]
[Round "4"]
[White "searchforbobby1"]
[Black "sounix"]
[Result "1/2-1/2"]
[WhiteElo "2141"]
[BlackElo "1988"]
[Opening "Sicilian: Alapin's variation (2.c3)"]
[ECO "B22"]
[Time "21:01:55"]
[TimeControl "2700+45"]

1. e4 c5 2. c3 d5 3. exd5 Qxd5 4. d4 Nf6 5. Nf3 Bg4 6. Nbd2 Nc6 7. Bc4 Bxf3 8.
gxf3 Qf5 9. Qb3 O-O-O 10. Bxf7 Kb8 11. Be6 Qh5 12. O-O cxd4 13. Ne4 Nxe4 14.
fxe4 Qf3 15. cxd4 Qxe4 16. Be3 g6 17. f3 Qh4 18. Bd5 Rd6 19. Rac1 Bh6 20. Bxh6
Qxd4+ 21. Kg2 Qxd5 22. Qxd5 Rxd5 23. Rfe1 g5 24. Bg7 Rd2+ 25. Kg3 Rg8 26. Bc3
Rd5 27. Re6 h5 28. Rce1 Rf8 29. h3 Kc8 30. R1e4 Rd3 31. Re3 Rxe3 32. Rxe3 {Game
drawn by mutual agreement} 1/2-1/2

[Event "Team 45 45 League T53"]
[Site "Internet Chess Club"]
[Date "2012.06.07"]
[Round "4"]
[White "jefferyx"]
[Black "Burning-Bush"]
[Result "1-0"]
[WhiteElo "2081"]
[BlackElo "1991"]
[Opening "Benoni defense, Hromodka system"]
[ECO "A43"]
[Time "21:22:57"]
[TimeControl "2700+45"]

1. d4 c5 2. d5 d6 3. c4 Nf6 4. Nc3 g6 5. e4 Bg7 6. h3 O-O 7. Nf3 e6 8. Bd3 exd5
9. cxd5 Re8 10. O-O c4 11. Bc2 b5 12. Nxb5 Nxe4 13. Re1 a6 14. Nbd4 Nf6 15. Bg5
Bd7 16. Qd2 Qb6 17. Bxf6 Bxf6 18. Qf4 Kg7 19. h4 Qc7 20. h5 Qd8 21. Qxd6 Bb5 22.
Qf4 Ra7 23. a4 Bd7 24. Rxe8 Bxe8 25. Re1 Re7 26. Ne6+ fxe6 27. h6+ Kg8 28. Qxf6
Rd7 29. Qxe6+ Bf7 30. Qe5 Bxd5 31. Qe8+ {Black resigns} 1-0

[Event "Team 45 45 League T53"]
[Site "Internet Chess Club"]
[Date "2012.06.10"]
[Round "4"]
[White "boknoy"]
[Black "kidviper"]
[Result "1-0"]
[WhiteElo "1981"]
[BlackElo "1938"]
[Opening "Sicilian: accelerated fianchetto, modern variation"]
[ECO "B34"]
[Time "12:36:58"]
[TimeControl "2700+45"]

1. e4 c5 2. Nc3 Nc6 3. Nge2 g6 4. d4 cxd4 5. Nxd4 Bg7 6. Be3 Nf6 7. Nxc6 bxc6 8.
e5 Ng8 9. f4 Nh6 10. Be2 d6 11. Bf3 d5 12. O-O O-O 13. Na4 Nf5 14. Bf2 h5 15.
Nc5 e6 16. c3 Bd7 17. Be2 a5 18. Bd3 Qc7 19. Qe2 Rfd8 20. Rfe1 Nh6 21. h3 Bf8
22. a4 Be7 23. b4 Kg7 24. Reb1 Bxc5 25. Bxc5 Bc8 26. bxa5 Re8 27. a6 Qa5 28. Bb6
Qxc3 29. Rc1 Qb4 30. a5 Bd7 31. Rab1 Qxf4 32. Be3 Qa4 33. Qd2 Nf5 34. Bf2 Ne7
35. Ra1 Qb3 36. Rcb1 Qxb1+ 37. Rxb1 Bc8 38. a7 Rd8 39. Rb8 Bd7 40. Rxd8 Rxd8 41.
Bh4 Ra8 42. Bxe7 Rxa7 43. Bf6+ Kh7 44. Qg5 Rxa5 45. Qxh5+ Kg8 46. Qh8# {Black
checkmated} 1-0

[Event "Team 45 45 League T53"]
[Site "Internet Chess Club"]
[Date "2012.06.12"]
[Round "4"]
[White "Morovon23"]
[Black "M-Ezat"]
[Result "1-0"]
[WhiteElo "2369"]
[BlackElo "2268"]
[Opening "King's Indian: Averbakh, 6...c5"]
[ECO "E74"]
[Time "16:45:04"]
[TimeControl "2700+45"]

1. d4 Nf6 2. c4 g6 3. Nc3 Bg7 4. e4 d6 5. Be2 O-O 6. Bg5 c5 7. d5 b5 8. cxb5 a6
9. a4 Qa5 10. Bd2 Qb4 11. f3 c4 12. Qc1 Nfd7 13. Nd1 Qc5 14. Qxc4 Qxc4 15. Bxc4
Nb6 16. Be2 axb5 17. Bxb5 Bd7 18. Bxd7 N8xd7 19. a5 Nc4 20. Bc3 Bxc3+ 21. bxc3
Nxa5 22. Ne2 Nc4 23. Rxa8 Rxa8 24. Nd4 Ra1 25. Kf2 Nde5 26. Rf1 Nd3+ 27. Kg3 Nd2
28. Rh1 Kf8 29. Nc6 f5 30. exf5 gxf5 31. Nb4 f4+ 32. Kh4 Nxb4 33. cxb4 Rb1 34.
Nf2 Rxb4 35. Rd1 Rd4 36. Kg4 Rxd5 37. Kxf4 e6 38. Ne4 Rf5+ 39. Ke3 Nc4+ 40. Kf2
d5 41. Ng3 Rf7 42. Ra1 Rb7 43. Ra2 Ke7 44. f4 Kf6 45. Ne2 Nd6 46. Nd4 Nf5 47.
Nxf5 Kxf5 48. g3 Rb4 49. Kf3 Rb3+ 50. Kf2 Rb4 51. Kf3 Rb3+ 52. Kf2 h6 53. Re2
Kf6 54. Kg2 Rb6 55. Kf2 Kf5 56. Kf3 Rb3+ 57. Kf2 d4 58. Re5+ Kf6 59. Re2 h5 60.
Re5 Rb2+ 61. Re2 Rb1 62. Kf3 Rd1 63. Kf2 Rc1 64. Kf3 Rd1 65. Kf2 h4 66. g4 d3
67. Ra2 d2 68. Ke3 Rg1 69. g5+ Kf5 70. Rxd2 h3 71. Rd8 Rg2 72. Rf8+ Kg6 73. Rf6+
Kg7 74. Rxe6 Rxh2 75. Rh6 Rh1 76. Kf3 h2 77. Kg2 Rg1+ 78. Kxh2 Rg4 79. Rf6 Kh7
80. Kh3 Rg1 81. Kh4 Kg7 82. Ra6 Kh7 83. Kh5 Kg7 84. Ra7+ Kf8 85. Kg6 Rb1 86. f5
Rb8 87. Rh7 Kg8 88. Rc7 Ra8 89. Kh6 Rf8 90. f6 Rb8 91. g6 {Black resigns} 1-0

[Event "Team 45 45 League T53"]
[Site "Internet Chess Club"]
[Date "2012.06.11"]
[Round "4"]
[White "M-Abotreka"]
[Black "MikeA"]
[Result "1/2-1/2"]
[WhiteElo "2093"]
[BlackElo "2223"]
[Opening "QGD semi-Slav: Meran, Wade variation"]
[ECO "D47"]
[Time "14:06:16"]
[TimeControl "2700+45"]

1. d4 d5 2. c4 c6 3. Nc3 Nf6 4. e3 e6 5. Nf3 Nbd7 6. Bd3 dxc4 7. Bxc4 b5 8. Bd3
Bb7 9. e4 b4 10. Na4 c5 11. O-O cxd4 12. Nxd4 Bxe4 13. Bxe4 Nxe4 14. Re1 Nef6
15. Qf3 Rc8 16. Bf4 Be7 17. Nc6 Rxc6 18. Qxc6 O-O 19. Red1 Qa8 20. Rac1 Nd5 21.
Qxa8 Rxa8 22. Bd2 g6 23. Rc2 Kg7 24. Rdc1 N7f6 25. f3 Rb8 26. b3 Bd6 27. g3 Be5
28. Rc4 Ne8 29. f4 Bf6 30. Rc8 Rxc8 31. Rxc8 Nd6 32. Rb8 Bc3 33. Bxc3+ bxc3 34.
Nc5 Kf6 35. Kf2 c2 36. Nd3 Ne4+ 37. Kf3 Nec3 38. Nc1 a5 39. Ra8 h5 40. Rxa5 g5
41. fxg5+ Kxg5 42. h3 h4 43. a4 hxg3 44. Kxg3 e5 45. Ra8 Nf4 46. Rc8 Nce2+ 47.
Nxe2 Nxe2+ 48. Kh2 c1=Q 49. Rxc1 Nxc1 50. a5 e4 51. a6 e3 52. Kg2 Nd3 53. Kf3
Ne5+ 54. Kxe3 Nc6 55. Ke4 {Game drawn by mutual agreement} 1/2-1/2

[Event "Team 45 45 League T53"]
[Site "Internet Chess Club"]
[Date "2012.06.08"]
[Round "4"]
[White "StephenHawking"]
[Black "frontier"]
[Result "1-0"]
[WhiteElo "2152"]
[BlackElo "1976"]
[Opening "King's Indian: Averbakh system"]
[ECO "E73"]
[Time "08:15:47"]
[TimeControl "2700+45"]

1. d4 Nf6 2. c4 g6 3. Nc3 Bg7 4. e4 d6 5. Be2 O-O 6. Bg5 h6 7. Be3 e5 8. d5 a5
9. g4 Na6 10. h4 Nc5 11. f3 Ne8 12. Qd2 Kh7 13. h5 g5 14. Nh3 Bf6 15. Nf2 Bd7
16. Kf1 Be7 17. Kg2 a4 18. Rab1 Ng7 19. Bd1 b6 20. Bc2 Qc8 21. b4 axb3 22. axb3
Na6 23. Nb5 Qe8 24. Bd3 Qc8 25. Be2 Ne8 26. Rhc1 Ng7 27. Rc2 Ne8 28. Ra2 Qb7 29.
b4 Ng7 30. Nc3 Ra7 31. Qb2 Rfa8 32. Bd1 Nb8 33. Rxa7 Qxa7 34. Bc1 Ne8 35. Nd3
Qa6 36. Bb3 Qc8 37. Qe2 Nf6 38. Be3 Kg7 39. c5 bxc5 40. bxc5 Nxg4 41. fxg4 Bxg4
42. Qf2 Bxh5 43. Ne2 Bxe2 44. Qxe2 f5 45. exf5 Qxf5 46. Bc2 Qf7 47. Qf3 Nd7 48.
Qxf7+ Kxf7 49. c6 Nf6 50. Nb4 Kg7 51. Bd3 Ra3 52. Bc1 Rc3 53. Bd2 Ra3 54. Bc4 g4
55. Na6 Nxd5 56. Bxd5 Rxa6 57. Rb7 Bd8 58. Rb8 Be7 59. Rc8 Ra7 60. Re8 Bf6 61.
Rg8+ Kh7 62. Rxg4 h5 63. Rg3 Ra4 64. Bb3 Ra6 65. Rc3 e4 66. Rc2 Ra3 67. Bd5 e3
68. Bb4 Ra4 69. Rc4 Ra2+ 70. Kf3 Bg5 71. Be4+ Kh6 72. Rc2 Ra1 73. Bxd6 Rf1+ 74.
Kg2 Rf7 75. Bg3 h4 76. Be1 Rf4 77. Bd3 Rd4 78. Be2 Ra4 79. Bc3 Rf4 80. Bf3 Rf7
81. Bd4 Bf4 82. Rc5 Re7 83. Be2 Re4 84. Rh5+ Kg6 85. Bd3 Kxh5 86. Bxe4 Kg4 87.
Bf3+ Kf5 88. Kf1 {Black resigns} 1-0

[Event "Team 45 45 League T53"]
[Site "Internet Chess Club"]
[Date "2012.06.08"]
[Round "4"]
[White "egyptiantiger"]
[Black "mcplayerus"]
[Result "1/2-1/2"]
[WhiteElo "2124"]
[BlackElo "2103"]
[Opening "Grünfeld: exchange, Spassky variation"]
[ECO "D87"]
[Time "15:15:20"]
[TimeControl "2700+45"]

1. d4 Nf6 2. c4 g6 3. Nc3 d5 4. cxd5 Nxd5 5. e4 Nxc3 6. bxc3 Bg7 7. Bc4 O-O 8.
Ne2 c5 9. Be3 Nc6 10. O-O Na5 11. Bd3 Nc6 12. e5 Bg4 13. f3 Be6 14. Qd2 cxd4 15.
cxd4 Qa5 16. Qxa5 Nxa5 17. Bg5 f6 18. Bd2 Bc4 19. Bxc4+ Nxc4 20. exf6 Bxf6 21.
Bc3 Ne3 22. Rfc1 Nd5 23. Be1 Rfc8 24. Rab1 b6 25. Bg3 Bg5 26. f4 Bf6 27. Bf2 h5
28. g3 Kf7 29. Kg2 e6 30. Kf3 Be7 31. Be1 Ba3 32. Rxc8 Rxc8 33. Rb3 Bd6 34. Nc3
Rc4 35. Ke4 Nf6+ 36. Kd3 Rc8 37. Nb5 Bb8 38. h3 Rc1 39. Kd2 Rc4 {Game drawn by
mutual agreement} 1/2-1/2

[Event "Team 45 45 League T53"]
[Site "Internet Chess Club"]
[Date "2012.06.08"]
[Round "4"]
[White "AugustoCaruso"]
[Black "sibirica"]
[Result "1/2-1/2"]
[WhiteElo "2229"]
[BlackElo "2329"]
[Opening "Sicilian: accelerated fianchetto, Maróczy bind"]
[ECO "B36"]
[Time "03:00:45"]
[TimeControl "2700+45"]

1. e4 c5 2. Nf3 g6 3. d4 cxd4 4. Nxd4 Nc6 5. c4 Nf6 6. Nc3 d6 7. Nc2 Bg7 8. Be2
Nd7 9. Bd2 O-O 10. O-O Nc5 11. b4 Bxc3 12. Bxc3 Nxe4 13. Bb2 e5 14. a3 Be6 15.
Ne3 f5 16. Nd5 Ne7 17. f4 Nxd5 18. cxd5 Bf7 19. fxe5 dxe5 20. Bxe5 Qxd5 21. Qxd5
Bxd5 22. Rfd1 Be6 23. Bf3 Rad8 24. h4 h5 25. Rac1 Rxd1+ 26. Rxd1 Rc8 27. Rd4 Kf7
28. Bxe4 fxe4 29. Rxe4 Rc4 30. Rxc4 Bxc4 31. Kf2 Ke6 32. Bd4 a6 33. Ke3 b5 34.
g3 Kd5 35. Bb6 Bf1 36. Kf4 Kc4 37. Kg5 Bd3 38. g4 hxg4 39. Kxg4 Kb3 40. Kg5 Kxa3
41. Ba5 Kb3 42. h5 gxh5 43. Kxh5 {Game drawn by mutual agreement} 1/2-1/2

[Event "Team 45 45 League T53"]
[Site "Internet Chess Club"]
[Date "2012.06.10"]
[Round "4"]
[White "qlwqznzn"]
[Black "QueensCounselor"]
[Result "1/2-1/2"]
[WhiteElo "2380"]
[BlackElo "2079"]
[Opening "Petrov: modern attack, main line"]
[ECO "C43"]
[Time "09:01:04"]
[TimeControl "2700+45"]

1. e4 e5 2. Nf3 Nf6 3. d4 exd4 4. e5 Ne4 5. Qxd4 d5 6. exd6 Nxd6 7. Nc3 Nc6 8.
Qf4 Be7 9. Bd3 O-O 10. O-O Be6 11. Be3 Qd7 12. Rad1 Rad8 13. Ng5 Bxg5 14. Qxg5
Qe7 15. Qh5 h6 16. Rde1 Qf6 17. Bc5 Rfe8 18. f4 Bc4 19. Bxc4 Nxc4 20. Rxe8+ Rxe8
21. Qd5 Ne3 22. Bxe3 Rxe3 23. f5 Re8 24. Kh1 Qd4 25. h3 Qxd5 26. Nxd5 Re2 27. f6
gxf6 28. Nxf6+ Kg7 29. Nh5+ Kf8 30. Rf6 Rxc2 31. Rxh6 Rxb2 32. Rh8+ Ke7 33. Nf4
Rxa2 34. h4 Ne5 35. Rg8 c5 36. h5 Ra6 37. Rb8 c4 38. Rxb7+ Kf6 39. g3 Kg5 40.
Rb5 f6 41. Rb8 Ra3 42. Kg2 c3 43. Rc8 Ra2+ 44. Kh3 Nf3 45. Ng2 c2 46. Rc5+ f5
47. Rc6 Ne5 48. Rc8 Kxh5 49. Ne3 Ra3 50. Nxc2 Rf3 51. Kg2 f4 {Game drawn by
mutual agreement} 1/2-1/2

[Event "Team 45 45 League T53"]
[Site "Internet Chess Club"]
[Date "2012.06.09"]
[Round "4"]
[White "mellizas2003"]
[Black "otherook"]
[Result "0-1"]
[WhiteElo "1667"]
[BlackElo "1791"]
[Opening "Robatsch (modern) defense"]
[ECO "B06"]
[Time "10:00:37"]
[TimeControl "2700+45"]

1. e4 g6 2. d4 Bg7 3. Nf3 d6 4. Bc4 e6 5. O-O Ne7 6. Bg5 a6 7. a4 b6 8. Nbd2 O-O
9. c3 Bb7 10. Qe2 Nd7 11. Rfe1 h6 12. Bh4 g5 13. Bg3 Ng6 14. e5 dxe5 15. Nxe5
Ndxe5 16. Bxe5 Bxe5 17. dxe5 Nf4 18. Qd1 Nxg2 19. Ne4 Bxe4 20. Rxe4 Nf4 21. Qg4
Ng6 22. Bxe6 fxe6 23. Qxe6+ Kg7 24. Rd4 Qe8 25. Rd7+ Kh8 26. Qh3 Nh4 27. e6 Qh5
28. Qd3 Qg4+ 29. Kf1 Qg2+ 30. Ke1 Qg1+ 31. Kd2 {White resigns} 0-1

[Event "Team 45 45 League T53"]
[Site "Internet Chess Club"]
[Date "2012.06.10"]
[Round "4"]
[White "parrot9"]
[Black "cristinika"]
[Result "0-1"]
[WhiteElo "1604"]
[BlackElo "1504"]
[Opening "Caro-Kann defense"]
[ECO "B12"]
[Time "08:46:54"]
[TimeControl "2700+45"]

1. e4 c6 2. d4 c5 3. Nc3 cxd4 4. Qxd4 Nc6 5. Qd1 Nf6 6. Be3 d6 7. Bc4 g6 8. f3
Bg7 9. Qd2 O-O 10. O-O-O Bd7 11. g4 Rc8 12. Nge2 Ne5 13. Bb3 Nxf3 14. Qd3 Nxg4
15. Bf4 Nfe5 16. Qd2 Nf2 17. h4 Nxd1 18. Qxd1 Ng4 19. Qg1 Qa5 20. h5 g5 21. Bd2
Qc5 22. Ng3 Qxg1+ 23. Rxg1 h6 24. Nf5 Bxf5 25. exf5 Nf6 26. Bd5 Nxd5 27. Nxd5
Rfe8 28. Rf1 Rc5 29. Nxe7+ Rxe7 30. f6 Bxf6 31. Rxf6 Re6 32. Rf3 g4 33. Rg3 Re4
34. Bxh6 Rxh5 35. Be3 Rh3 36. Rxh3 gxh3 {White resigns} 0-1

[Event "Team 45 45 League T53"]
[Site "Internet Chess Club"]
[Date "2012.06.10"]
[Round "4"]
[White "pauliewoll"]
[Black "Hapa-Haole"]
[Result "1/2-1/2"]
[WhiteElo "1598"]
[BlackElo "1626"]
[Opening "Caro-Kann: classical, Spassky variation"]
[ECO "B19"]
[Time "12:00:38"]
[TimeControl "2700+45"]

1. e4 c6 2. d4 d5 3. Nc3 dxe4 4. Nxe4 Bf5 5. Ng3 Bg6 6. h4 h6 7. Nf3 Nd7 8. h5
Bh7 9. Bd3 Bxd3 10. Qxd3 Ngf6 11. Bf4 e6 12. O-O-O Nd5 13. Ne2 Nxf4 14. Nxf4 Qf6
15. Qe4 O-O-O 16. Nd3 Bd6 17. Kb1 Rhe8 18. Nde5 Bxe5 19. dxe5 Qf5 20. Qe2 Qg4
21. Rh4 Qf5 22. g4 Qh7 23. Qe3 Nb6 24. Rhh1 Kb8 25. Qf4 Qg8 26. g5 Nd5 27. Qe4
Qf8 28. Rd4 Rd7 29. c4 Nb6 30. Rxd7 Nxd7 31. Rd1 Nb6 32. b3 Rd8 33. Qe2 Qe7 34.
gxh6 gxh6 35. Rxd8+ Qxd8 36. Qd2 Qxd2 37. Nxd2 Nd7 38. f4 f6 39. Nf3 Kc7 40. Kc2
c5 41. Kd3 a6 42. Ke4 f5+ 43. Ke3 Kc6 44. Nh4 Nb8 45. Ng6 Kd7 46. Kd3 Nc6 47. a3
Nd4 48. b4 b6 49. Nh4 Kc6 50. Ng6 Kd7 51. Nh4 Kc6 {Game drawn by mutual
agreement} 1/2-1/2

[Event "Team 45 45 League T53"]
[Site "Internet Chess Club"]
[Date "2012.06.08"]
[Round "4"]
[White "rookmaster23"]
[Black "losscause"]
[Result "1/2-1/2"]
[WhiteElo "1630"]
[BlackElo "1622"]
[Opening "Queen's gambit declined"]
[ECO "D30"]
[Time "22:01:09"]
[TimeControl "2700+45"]

1. d4 e6 2. c4 d5 3. Nf3 Nf6 4. g3 c5 5. Bg2 Nc6 6. O-O Bd6 7. dxc5 Bxc5 8. cxd5
exd5 9. Bf4 O-O 10. Nc3 a6 11. Qc2 Be6 12. Rad1 Qc8 13. e3 Bf5 14. Qc1 Nb4 15.
Ne5 Be4 16. a3 Bxg2 17. Kxg2 Nc6 18. Nxd5 Nxd5 19. Rxd5 Nxe5 20. Rxc5 Nc6 21.
Rd1 Qe6 22. Qc4 Rad8 23. Qxe6 fxe6 24. Rcc1 Rxd1 25. Rxd1 Rd8 26. Rxd8+ Nxd8 27.
Kf3 Nc6 28. Ke4 {Game drawn by mutual agreement} 1/2-1/2

[Event "Team 45 45 League T53"]
[Site "Internet Chess Club"]
[Date "2012.06.07"]
[Round "4"]
[White "SirIvanhoe"]
[Black "dschesq"]
[Result "1/2-1/2"]
[WhiteElo "1514"]
[BlackElo "1589"]
[Opening "Sicilian: closed"]
[ECO "B23"]
[Time "19:04:35"]
[TimeControl "2700+45"]

1. e4 c5 2. Nc3 e6 3. g3 Nc6 4. Bg2 g6 5. d3 Bg7 6. Be3 d6 7. Qd2 Rb8 8. Nge2
Qc7 9. O-O Nge7 10. Bh6 O-O 11. h4 b5 12. h5 b4 13. Bxg7 Kxg7 14. h6+ Kg8 15.
Nd1 Bb7 16. Qf4 f5 17. Qg5 fxe4 18. Bxe4 Ne5 19. Qe3 Bxe4 20. dxe4 Nf3+ 21. Kg2
Nc6 22. Nf4 Ncd4 23. Rc1 Rxf4 24. gxf4 d5 25. c3 Nh4+ 26. Kg3 Ndf3 27. Rh1 Qe7
28. cxb4 d4 29. Qd3 Rxb4 30. Qa6 Rb8 31. Rxc5 Qxc5 32. Qxe6+ Kf8 33. Qf6+ Ke8
34. Qh8+ Qf8 35. Qxh7 Rd8 36. Qxa7 g5 37. fxg5 Nxg5 38. Qa4+ Rd7 39. Qa8+ Rd8
40. Qc6+ Rd7 41. Qa8+ Rd8 42. Qc6+ {Game drawn by mutual agreement} 1/2-1/2

[Event "Team 45 45 League T53"]
[Site "Internet Chess Club"]
[Date "2012.06.07"]
[Round "4"]
[White "amicusUK"]
[Black "LittleButton"]
[Result "0-1"]
[WhiteElo "1612"]
[BlackElo "1686"]
[Opening "Queen's pawn: London system"]
[ECO "A45"]
[Time "14:00:36"]
[TimeControl "2700+45"]

1. d4 Nf6 2. Bf4 e6 3. e3 c5 4. Nf3 cxd4 5. exd4 b6 6. a3 Bb7 7. Nc3 d6 8. Bd3
Be7 9. O-O O-O 10. Re1 Nbd7 11. h3 Rc8 12. Nb5 Ne8 13. Qe2 a6 14. Nc3 Ndf6 15.
g4 b5 16. Rad1 Nd5 17. Nxd5 Bxd5 18. Be4 Nf6 19. Bxd5 Nxd5 20. Bg3 Rc4 21. c3
Qc7 22. Nd2 Rc6 23. Nf1 Bg5 24. h4 Bf4 25. Qe4 Bxg3 26. fxg3 Nf6 27. Qe2 d5 28.
Rd3 Ne4 29. Kg2 a5 30. Nd2 Nd6 31. Nb3 b4 32. axb4 axb4 33. Nc5 bxc3 34. bxc3
Nb7 35. Nxb7 Qxb7 36. Ra1 Rfc8 37. Qa2 Rxc3 38. Rxc3 Rxc3 39. Qa8+ Qc8 40. Qa5
g6 41. g5 Qc7 42. Qb4 Qxg3+ 43. Kf1 Rf3+ 44. Ke2 Qg2+ 45. Kd1 Rf1+ {White
resigns} 0-1

[Event "Team 45 45 League T53"]
[Site "Internet Chess Club"]
[Date "2012.06.10"]
[Round "4"]
[White "Skeptic1972"]
[Black "jotap"]
[Result "0-1"]
[WhiteElo "1591"]
[BlackElo "1670"]
[Opening "Scotch gambit"]
[ECO "C44"]
[Time "16:32:36"]
[TimeControl "2700+45"]

1. e4 e5 2. Nf3 Nc6 3. d4 exd4 4. Bc4 Qf6 5. Bg5 Qg6 6. O-O Bc5 7. Re1 d6 8. c3
dxc3 9. Nxc3 h6 10. Bh4 Bh3 11. Bg3 Bg4 12. h3 Bxf3 13. Qxf3 Ne5 14. Bxe5 dxe5
15. Rad1 Ne7 16. Nd5 Nxd5 17. Rxd5 Bd4 18. Qa3 Qb6 19. Re2 c6 20. Ra5 O-O-O 21.
Bxf7 Rhf8 22. Be6+ Kb8 23. Bf5 g6 24. Bxg6 Bxf2+ 25. Kh1 Rd1+ 26. Kh2 Bg1+ 27.
Kg3 Rg8 28. Kh4 Rxg6 29. Qf8+ Qd8+ 30. Qxd8+ Rxd8 31. Rxe5 Bh2 32. Rf5 Rdg8 33.
g4 Bc7 34. Ref2 a6 35. Kh5 Re6 36. Re2 Rge8 37. b3 Rxe4 38. Rxe4 Rxe4 39. Kxh6
Re6+ 40. Kh5 Re5 41. Rxe5 Bxe5 42. g5 b5 43. g6 Bg7 44. Kg5 c5 45. h4 c4 46.
bxc4 bxc4 47. Kf4 c3 48. Ke3 Kc7 49. Kd3 Kd7 50. h5 Ke6 51. h6 Bxh6 52. Kxc3 a5
53. Kc4 Bd2 54. Kd3 Bb4 55. Kc4 Kf6 56. Kb3 Kxg6 57. Kc2 Kf5 58. Kb3 Ke4 59. Kc2
Ke3 60. Kb3 Kd2 61. Kb2 Kd1 62. Kb1 a4 63. Ka1 Kc1 64. a3 Bxa3 65. Ka2 Bf8 66.
Ka1 a3 67. Ka2 Kd2 68. Ka1 Kc3 69. Ka2 Kb4 70. Ka1 Kb3 71. Kb1 Bg7 {White
resigns} 0-1

[Event "Team 45 45 League T53"]
[Site "Internet Chess Club"]
[Date "2012.06.10"]
[Round "4"]
[White "chrisgianno"]
[Black "samprabhur"]
[Result "1-0"]
[WhiteElo "1634"]
[BlackElo "1374"]
[Opening "Levitsky attack (Queen's bishop attack)"]
[ECO "D00"]
[Time "13:24:39"]
[TimeControl "2700+45"]

1. d4 d5 2. Bg5 h6 3. Bh4 Qd7 4. Nf3 e6 5. e3 c5 6. c3 Nc6 7. Bd3 Bd6 8. Nbd2
Nge7 9. dxc5 Bxc5 10. Qc2 e5 11. Nb3 Bd6 12. Bb5 Qg4 13. Bg3 O-O 14. O-O Bf5 15.
Qd2 Nd8 16. Nxe5 Bxe5 17. Bxe5 Ne6 18. Bd6 Qg5 19. Bxe7 Qxe7 20. Qxd5 Qg5 21. e4
Rad8 22. Qxf5 Rd5 23. Qxd5 {Black resigns} 1-0